 Dungeon Crawl Stone Soup version 0.31.0-9-g3a7656b989 (webtiles) character file.

Game seed: 5284196887543588273

56 qw the Shooter (level 3, 0/18 HPs)
             Began as a Spriggan Hunter on Feb 2, 2024.
             Slain by a cerulean imp
             ... wielding a +2 spear
             ... summoned by Natasha
              (5 damage)
             ... on level 2 of the Dungeon.
             The game lasted 00:00:03 (1068 turns).

qw the Shooter (Spriggan Hunter)                    Turns: 1068, Time: 00:00:03

Health: 0/18       AC:  2    Str:  7    XL:     3   Next: 71%
Magic:  4/4        EV: 24    Int: 10    God:
Gold:   76         SH:  0    Dex: 20    Spells: 2/2 levels left

rFire   . . .        a - +0 shortbow
rCold   . . .        (shield currently unavailable)
rNeg    . . .        c - +0 robe
rPois   .            (helmet restricted)
rElec   .            (no cloak)
rCorr   .            (gloves unavailable)
SInv    +            (boots unavailable)
Will    .....        (no amulet)
Stlth   ++           j - +5 ring of evasion
HPRegen 0.23/turn    (no ring)
MPRegen 0.09/turn

%: no passive effects
@: very quick
A: very small, no large weapons, unfitting armour, see invisible, speed 3
a: no special abilities


You were on level 2 of the Dungeon.
You visited 1 branch of the dungeon, and saw 2 of its levels.

You collected 76 gold pieces.


Innate Abilities, Weirdness & Mutations

You are very small and have problems with some larger weapons.
You are too small for most types of armour.
You have supernaturally acute eyesight. (SInv)
You cover ground extremely quickly. (Speed+++)


   Skills:
 - Level 1.5 Fighting
 + Level 4.9 Ranged Weapons
 - Level 4.0 Dodging
 - Level 1.5 Stealth


You had 2 spell levels left.
You didn't know any spells.
Your spell library was empty.

Inventory:

Hand Weapons
 a - a +0 shortbow (weapon)
Armour
 c - a +0 robe (worn)
Jewellery
 j - a +5 ring of evasion (left hand)
Scrolls
 b - a scroll of identify
 d - a scroll of brand weapon {unknown}
Potions
 h - a potion of might
 i - a potion of brilliance {unknown}

Dungeon Overview and Level Annotations

Branches:
Dungeon (2/15)

Altars:

Annotations:
D:2 Natasha


Message History

Natasha mumbles some strange words.
You shoot an arrow.
The arrow hits the cerulean imp but does no damage.
You shoot an arrow.
The arrow closely misses the cerulean imp.
You shoot an arrow.
The arrow closely misses the cerulean imp.
The cerulean imp misses you.
You shoot an arrow.
The arrow hits the cerulean imp but does no damage.
The cerulean imp completely misses you. The cerulean imp misses you.
You shoot an arrow. The arrow hits the cerulean imp!
The cerulean imp is severely wounded.
Natasha mumbles some strange words.
The cerulean imp completely misses you.
You shoot an arrow. The arrow misses the cerulean imp.
The cerulean imp misses you.
Natasha mumbles some strange words.
Enter note:
Enter note:
1062 ||| RETREEEEATING.
You shoot an arrow. The arrow hits the cerulean imp.
The cerulean imp is severely wounded.
The cerulean imp completely misses you.
You shoot an arrow. The arrow hits the cerulean imp.
You kill the cerulean imp!
The cerulean imp disappears in a puff of smoke!
You shoot an arrow. The arrow barely misses Natasha.
Natasha stares at you and mumbles some strange words.
The magic dart hits you. The cerulean imp closely misses you.
You shoot an arrow. The arrow barely misses Natasha.
Natasha casts a spell at you. The magic dart hits you!
The cerulean imp hits you from afar with a +2 spear.
You shoot an arrow. The arrow closely misses Natasha.
Natasha closely misses you. The cerulean imp barely misses you.
You shoot an arrow. The arrow barely misses Natasha.
Natasha barely misses you.
The cerulean imp hits you from afar with a +2 spear.
You die...

#### #.# #... #.# #.##
..#5#####.# #.#
#.5.h.5.#.# #.# #h#.#
#.# #@#.# #.# #.#.# #.#
#.#.## #######.##
#.###....####.........
........#........######
##........####.###...##
#..####%## #.##.....#
........).####.#.......
##..####.......#.....)(


You could see Natasha and a cerulean imp (summoned).

Vanquished Creatures
  2 adders (D:2)
  2 dart slugs (D:1)
  3 ball pythons
  4 bats
  6 endoplasms
  A giant cockroach (D:2)
  3 goblins
  A hobgoblin (D:1)
  3 quokkas
  A frilled lizard (D:1)
  5 rats
31 creatures vanquished.

Notes
Turn   | Place    | Note
-------+----------+-------------------------------------------
     0 | D:1      | qw the Spriggan Hunter began the quest for the Orb.
     0 | D:1      | Reached XP level 1. HP: 10/10 MP: 2/2
     0 | D:1      | 0 ||| qw: Version: 0.3-a-155-g5e7d8dd
     0 | D:1      | 0 ||| qw: Game counter: 1646
     0 | D:1      | 0 ||| qw: Melee chars always use a shield: true
     0 | D:1      | 0 ||| qw: God list: Okawaru
     0 | D:1      | 0 ||| qw: Allow faded altars: false
     0 | D:1      | 0 ||| qw: Do Orc after clearing Dungeon:15 true
     0 | D:1      | 0 ||| qw: Do second Lair branch before Depths: true
     0 | D:1      | 0 ||| qw: Lair rune preference: random
     0 | D:1      | 0 ||| qw: Goals: Normal
     0 | D:1      | 0 ||| PLANNING D:1-11
    51 | D:1      | Found a faded altar of an unknown god.
    54 | D:1      | Reached skill level 3 in Dodging
    87 | D:1      | Reached XP level 2. HP: 14/14 MP: 3/3
   775 | D:1      | 775 ||| DROPPING ring of wizardry.
   777 | D:1      | 777 ||| UPGRADING to +5 ring of evasion.
   793 | D:1      | 793 ||| READING 2 scrolls labelled VOTTI WITOFUDI.
   793 | D:1      | 793 ||| IDENTIFYING white potion
   797 | D:1      | 797 ||| READING scroll of identify.
   797 | D:1      | 797 ||| IDENTIFYING bubbling blue potion
   799 | D:1      | 799 ||| DRINKING 2 golden potions.
   829 | D:1      | 829 ||| DROPPING scroll of butterflies.
   831 | D:1      | 831 ||| DROPPING potion of degeneration.
   832 | D:1      | 832 ||| DROPPING potion of lignification.
   874 | D:2      | Reached XP level 3. HP: 18/18 MP: 4/4
  1055 | D:2      | Noticed Natasha
  1062 | D:2      | 1062 ||| RETREEEEATING.
  1066 | D:2      | HP: 4/18 [cerulean imp/+2 spear[Natasha] (3)]
  1068 | D:2      | Slain by a cerulean imp

Levels and vault maps discovered:
D:1:      lightli_molten_gateway, layout_basic,
          shapermc_ecumenical_altar_starsandcircs, patterned_corridor
D:2:      kennysheep_six_static_rooms, layout_loops_ring, uniq_natasha

Skill      XL: |  1  2 |
---------------+-------+-----
Dodging        | 3 4 |  4.0
Fighting       | |  1.5
Ranged Weapons | |  4.9
Stealth        | |  1.5

Action                     || total
---------------------------++-------
   Fire: Shortbow          ||    85
    Use: Scroll            ||     2
         Potion            ||     1
 Armour: Robe              ||     5
  Dodge: Dodged            ||    20

Table legend:
 A = Non-vault XP
 B = Vault XP
 C = Vault XP percentage of total XP
 D = Non-vault monster count
 E = Vault monster count
 F = Vault count percentage of total count
                 A         B        C        D         E       F
            +---------+---------+-------+---------+---------+-------
      Total |      47 |      34 |  42.0 |      25 |       6 |  19.4
            +---------+---------+-------+---------+---------+-------
        D:1 |      36 |       0 |   0.0 |      19 |       0 |   0.0
        D:2 |      11 |      34 |  75.6 |       6 |       6 |  50.0
            +---------+---------+-------+---------+---------+-------
